 Dungeon Crawl Stone Soup version 0.21.1-1-g345015f (webtiles) character file.

351 buskinjo2 the Cudgeler (level 6, -4/42 HPs)
             Began as an Octopode Fighter on Mar 3, 2018.
             Slain by an ogre
             ... wielding a +0 giant spiked club
              (17 damage)
             ... on level 4 of the Dungeon.
             The game lasted 00:05:47 (3102 turns).

buskinjo2 the Cudgeler (Octopode Fighter)           Turns: 3102, Time: 00:05:48

Health: -4/42      AC:  1    Str: 17    XL:     6   Next: 61%
Magic:  6/6        EV: 13    Int: 11    God:
Gold:   163        SH:  5    Dex: 11    Spells: 5/5 levels left

rFire    . . .     SeeInvis .   a - +0 flail
rCold    . . .     Gourm    .   j - +1 buckler
rNeg     . . .     Faith    .   (helmet restricted)
rPois    +         Spirit   .   (no amulet)
rElec    .         Reflect  .   f - ring of poison resistance
rCorr    .         Harm     .   g - ring of wizardry
MR       .....                  (no ring)
Stlth    ++........             (no ring)
HPRegen  0.14/turn              (no ring)
MPRegen  0.10/turn              (no ring)
                                (no ring)
                                (no ring)

@: lethally poisoned (-4 -> -7)
A: almost no armour, stealthy swim, amphibious, 8 rings, constrict 8, camouflage
1, gelatinous body 1
a: no special abilities


You were on level 4 of the Dungeon.
You were hungry.

You visited 1 branch of the dungeon, and saw 4 of its levels.

You collected 163 gold pieces.

Inventory:

Hand Weapons
 a - a +0 flail (weapon)
Missiles
 m - a javelin (quivered)
Armour
 b - a +0 shield
 j - a +1 buckler (worn)
Jewellery
 f - a ring of poison resistance (left tentacle)
 g - a ring of wizardry (right tentacle)
Wands
 u - a wand of polymorph (11)
Scrolls
 e - a scroll of teleportation
 i - a scroll of magic mapping
 k - a scroll of identify
 p - 2 scrolls of remove curse
 q - a scroll of blinking
 r - a scroll of fog
 t - 2 scrolls of immolation
Potions
 c - 2 potions of might
 h - a potion of curing
 n - a potion of ambrosia
 o - a potion of lignification
 s - a potion of haste
Books
 l - a book of Misfortune

   Spells                             Type                      Level
   a - Confusing Touch                Hexes                        1
   b - Confuse                        Hexes                        3
   c - Gell's Gravitas                Translocation                3
   d - Petrify                        Transmutation/Earth          4
   e - Metabolic Englaciation         Hexes/Ice                    5
   f - Yara's Violent Unravelling     Hexes/Transmutation          5
Comestibles
 d - 6 rations


   Skills:
 - Level 3.0 Fighting
 + Level 6.8 Maces & Flails
 - Level 3.0 Dodging
 - Level 3.0 Shields


You had 5 spell levels left.
You didn't know any spells.

Dungeon Overview and Level Annotations

Branches:
Dungeon (4/15)
 Temple: D:4-7

Altars:
Vehumet
Zin

Annotations:
D:4 exclusion: statue


Innate Abilities, Weirdness & Mutations

You cannot wear most types of armour.
You are very stealthy in the water. (Stealth+)
You are amphibious.
You can wear up to eight rings at the same time.
You can use your tentacles to constrict eight enemies at once.
Your skin changes colour to match your surroundings (Stealth+).
Your rubbery body absorbs attacks. (AC +1, EV +1)


Message History

The worker ant poisons you!
Throwing (i - inventory):
m - 3 javelins (quivered)
Press: ? - help, Shift-Dir - straight line
Okay, then.
Throwing (i - inventory):
m - 3 javelins (quivered)
Press: ? - help, Shift-Dir - straight line, f - ogre
Aim: an ogre, wielding a giant spiked club You throw a javelin.
The javelin completely misses the ogre.
You constrict the worker ant, but do no damage.
You feel sick. You block the worker ant's attack. The worker ant bites you.
Throwing (i - inventory):
m - 2 javelins (quivered)
Press: ? - help, Shift-Dir - straight line, f/p - ogre
Aim: an ogre, wielding a giant spiked club You throw a javelin.
The javelin barely misses the ogre.
You constrict the worker ant.
You feel sick. The worker ant bites you. The worker ant bites you!
You release your grip on the worker ant.
You feel sick.
The ogre hits you with a giant spiked club!
You die...

#.. #....$(.# #..
#.......# #.. #.......#
#.. #.......# ##### #..
#.......# #...####### #..
#.[.....# #.........###..
#......O###..#####.......
#......a@....# #.####..
#.......###..# 8.#.# #..
#......(# #..# .l#.# #..
######### ##.# _.#.# ###
#.# ..#.## #.# ..#..# #.#
..#..# #.##.##..#####
#.........)...


You could see an ogre and a worker ant.

Vanquished Creatures
  An ogre (D:4)
  A centaur skeleton (D:4)
  A bullfrog skeleton (D:4)
  An iguana (D:4)
  A worker ant (D:4)
  9 adders
  2 worms
  A dart slug (D:1)
  3 leopard geckos
  2 orcs (D:3)
  2 giant cockroaches
  11 hobgoblins
  4 jackals (D:2)
  9 bats
  5 frilled lizards
  8 goblins
  10 kobolds
  A leopard gecko skeleton (D:4)
  2 quokka skeletons (D:4)
  3 rats
77 creatures vanquished.

Notes
Turn   | Place    | Note
-------+----------+-------------------------------------------
     0 | D:1      | buskinjo2 the Octopode Fighter began the quest for the Orb.
     0 | D:1      | Reached XP level 1. HP: 16/16 MP: 1/1
   217 | D:1      | Reached XP level 2. HP: 17/21 MP: 2/2
   323 | D:1      | Reached skill level 3 in Maces & Flails
   823 | D:2      | Reached XP level 3. HP: 17/26 MP: 3/3
  1103 | D:2      | Reached skill level 4 in Maces & Flails
  1175 | D:2      | Reached XP level 4. HP: 28/31 MP: 4/4
  1407 | D:2      | Found a glowing silver altar of Zin.
  1969 | D:3      | Reached skill level 5 in Maces & Flails
  1969 | D:3      | Reached XP level 5. HP: 36/36 MP: 5/5
  2396 | D:4      | Noticed an ogre
  2793 | D:4      | Reached skill level 6 in Maces & Flails
  2841 | D:4      | Reached XP level 6. HP: 35/42 MP: 6/6
  3076 | D:4      | Found a radiant altar of Vehumet.
  3102 | D:4      | Slain by an ogre

Skill      XL: |  1  2  3  4  5 |
---------------+----------------+-----
Maces & Flails | 3 4 5 6 |  6.8
Fighting       | |  3.0
Dodging        | |  3.0
Shields        | |  3.0

Action                   |  1- 3 |  4- 6 || total
-------------------------+-------+-------++-------
Melee: Flail             |    62 |    83 ||   145
       Constrict         |    21 |    20 ||    41
       Tentacles         |     8 |    19 ||    27
Throw: Javelin           |       |     7 ||     7
  Use: Scroll            |     2 |    14 ||    16
 Stab: Sleeping          |     5 |     2 ||     7
       Distracted        |       |     1 ||     1
  Eat: Chunk             |     1 |     5 ||     6
Armor: Skin              |     3 |     3 ||     6
Dodge: Dodged            |    13 |    47 ||    60
Block: Shield            |    23 |       ||    23
       Buckler           |       |    22 ||    22
